 Dungeon Crawl Stone Soup version 0.18.1-50-g88ac8fd (console) character file.

567 Kloppie the Chopper (level 7, -9/63 HPs)
             Began as a Hill Orc Berserker on Oct 19, 2016.
             Was a Believer of Trog.
             Mangled by Menkaure (10 damage)
             ... on level 5 of the Dungeon.
             The game lasted 00:06:09 (4302 turns).

Kloppie the Chopper (Hill Orc Berserker)            Turns: 4302, Time: 00:06:10

Health: -9/63      AC:  9    Str: 22    XL:     7   Next: 33%
Magic:  7/7        EV: 16    Int:  7    God:    Trog [**....]
Gold:   341        SH:  0    Dex: 21    Spells: 0 memorised, 6 levels left

rFire  . . .     SeeInvis .     a - +0 hand axe
rCold  . . .     Gourm    .     l - +0 scale mail
rNeg   . . .     Faith    .     (no shield)
rPois  .         Spirit   .     (no helmet)
rElec  .         Dismiss  .     (no cloak)
rCorr  .         Reflect  .     e - +1 pair of gloves
SustAt .         Harm     .     (no boots)
MR     ++...                    (no amulet)
Stlth  +.........               z - +4 ring of dexterity
                                b - +2 ring of strength

@: agile, exhausted, regenerating, slowed, very slow, very resistant to hostile
enchantments, very unstealthy
A: no striking features
a: Berserk, Trog's Hand, Burn Spellbooks, Renounce Religion


You were on level 5 of the Dungeon.
You worshipped Trog.
Trog was pleased with you.
You were not hungry.

You visited 1 branch of the dungeon, and saw 5 of its levels.

You collected 341 gold pieces.

Inventory:

Hand Weapons
 a - a +0 hand axe (weapon)
Armour
 e - a +1 pair of gloves (worn)
 l - a +0 scale mail (worn)
Jewellery
 b - a +2 ring of strength (left hand)
 z - a +4 ring of dexterity (right hand)
Scrolls
 d - a scroll of random uselessness {unknown}
 f - 2 scrolls of remove curse {unknown}
 o - 3 scrolls of magic mapping {unknown}
 r - a scroll of noise {unknown}
 t - 2 scrolls of recharging {unknown}
 u - a scroll of amnesia {unknown}
 v - a scroll of immolation {unknown}
 x - a scroll of fear {unknown}
 y - a scroll of blinking {unknown}
 A - a scroll of teleportation {unknown}
Potions
 h - 3 potions of mutation
 i - a potion of brilliance
 j - a potion of cure mutation
 k - 2 potions of agility
 n - a potion of lignification {unknown}
 w - a potion of invisibility {unknown}
Books
 q - a book of Battle

   Spells                             Type                      Level
   a - Infusion                       Charms                       1
   b - Shroud of Golubria             Charms/Translocation         2
   c - Song of Slaying                Charms                       2
   d - Spectral Weapon                Hexes/Charms                 3
   e - Regeneration                   Charms/Necromancy            3
   Trog disapproves of the use of such an item.
 C - a book of Frost

   Spells                             Type                      Level
   a - Freeze                         Ice                          1
   b - Throw Frost                    Conjuration/Ice              2
   c - Ozocubu's Armour               Charms/Ice                   3
   d - Throw Icicle                   Conjuration/Ice              4
   e - Summon Ice Beast               Ice/Summoning                4
   Trog disapproves of the use of such an item.
Comestibles
 c - 6 bread rations
 g - 4 fruits
 m - a meat ration
 p - a slice of pizza
 s - a royal jelly


   Skills:
 + Level 6.2 Fighting
 + Level 7.2 Axes
 + Level 5.0 Armour
 - Level 1.5 Dodging


You had 6 spell levels left.
You didn't know any spells.

Dungeon Overview and Level Annotations

Branches:
Dungeon (5/15)             Temple (0/1) D:4

Altars:
Elyvilon
Fedhas
Okawaru
Qazlal

Shops:
D:4 *

Annotations:
D:5 Menkaure


Message History

* * * LOW HITPOINT WARNING * * *
Menkaure whispers in an indecipherable tongue.
Menkaure calls on the powers of darkness!
Your body is wracked with pain!
* * * LOW HITPOINT WARNING * * *
Mmm - a full handful of blackberries!
Eat which item? (? for menu, Esc to quit)
Menkaure closely misses you. x2
Mmmm...
Yummy peach.
Your skin stops crawling.
You feel less resistant to hostile enchantments.
Menkaure barely misses you.
Menkaure gestures at you while chanting.
You struggle to resist.
Your skin crawls.
You feel resistant to hostile enchantments.
You feel slightly more hungry. Menkaure hits you!
* * * LOW HITPOINT WARNING * * *
Menkaure hits you!
You die...

#.# #.# #.#
#######.# #.......#
#.#####.##### #.#
#......#
#####.####..###.###
#.....M@...........
#.###.###.....#.###
#.###.....#
#.....))###
######))# #..#
#.... #...## .....


You could see Menkaure.

Vanquished Creatures
  The ghost of Apert the Skirmisher, an amateur HOFi (D:3)
  A howler monkey (D:4)
  A hound (D:4)
  An orc priest (D:4)
  A gnoll shaman (D:5)
  2 orc wizards (D:4)
  3 worker ants
  8 gnolls
  An adder (D:2)
  2 oozes
  2 worms (D:2)
  2 dart slugs
  4 giant geckos
  12 orcs
  2 bats
  A giant cockroach (D:5)
  9 goblins
  5 hobgoblins
  3 jackals (D:2)
  3 ball pythons
  A giant gecko skeleton (D:5)
  6 giant newts
  6 kobolds
  A quokka skeleton (D:4)
  7 rats
85 creatures vanquished.

Vanquished Creatures (others)
  A plant (D:2)
1 creature vanquished.

Grand Total: 86 creatures vanquished

Notes
Turn   | Place    | Note
--------------------------------------------------------------
     0 | D:1      | Kloppie the Hill Orc Berserker began the quest for the Orb.
     0 | D:1      | Reached XP level 1. HP: 19/19 MP: 1/1
   154 | D:1      | Reached XP level 2. HP: 17/27 MP: 2/2
   477 | D:1      | Reached XP level 3. HP: 32/33 MP: 3/3
   822 | D:1      | Reached ** piety under Trog
  1340 | D:2      | Reached XP level 4. HP: 41/41 MP: 4/4
  1450 | D:2      | Reached skill level 5 in Axes
  1776 | D:2      | Found a white marble altar of Elyvilon.
  1776 | D:2      | Found an iron altar of Okawaru.
  1989 | D:3      | Noticed Apert's ghost (amateur HOFi)
  2002 | D:3      | Killed Apert's ghost
  2002 | D:3      | Reached skill level 5 in Fighting
  2002 | D:3      | Reached skill level 6 in Axes
  2002 | D:3      | Reached XP level 5. HP: 34/48 MP: 5/5
  2002 | D:3      | Reached XP level 6. HP: 40/56 MP: 6/6
  2958 | D:4      | Found Pigug's Elemental Accessories.
  3307 | D:4      | Reached XP level 7. HP: 34/62 MP: 7/7
  3720 | D:4      | Found a staircase to the Ecumenical Temple.
  3887 | D:4      | Found a stormy altar of Qazlal.
  3905 | D:4      | Reached skill level 7 in Axes
  3915 | D:4      | Found a blossoming altar of Fedhas.
  4077 | D:5      | Entered Level 5 of the Dungeon
  4124 | D:5      | Reached skill level 5 in Armour
  4282 | D:5      | Noticed Menkaure
  4302 | D:5      | HP: 1/63 [Menkaure (12)]
  4302 | D:5      | Mangled by Menkaure

Skill      XL: |  1  2  3  4  5  6  7 |
---------------+----------------------+-----
Fighting       | 4 5 6 |  6.2
Armour         | 3 4 5 |  5.0
Axes           | 6 7 |  7.2
Dodging        | |  1.5

Action                   |  1- 3 |  4- 6 |  7- 9 || total
-------------------------+-------+-------+-------++-------
Melee: Hand axe          |   103 |   154 |    56 ||   313
Invok: Berserk           |     2 |     3 |     1 ||     6
       Trog's Hand       |       |     4 |     2 ||     6
  Use: Scroll            |       |       |     4 ||     4
       Potion            |       |       |     1 ||     1
  Eat: Chunk             |     4 |     9 |     2 ||    15
       Fruit             |       |     1 |     2 ||     3
Armor: Animal skin       |     5 |       |       ||     5
       Scale mail        |    26 |    50 |    19 ||    95
Dodge: Dodged            |    62 |    98 |    36 ||   196
